[ AOE2 MATCH · #477863056 ]
UnrankedEthiopians vs Franks
[ REPLAY ANALYSIS · EXTRACTED FROM THE RECORDED GAME ]
Feudal
15:01
Castle
19:24
Imperial
—
| APM avg | 18.3 |
| APM peak | 40 |
| eAPM avg | 10.4 |
| Villagers / military | 54 / 19 |
Focus
⚔️ 17.5% · 🌾 82.5%
Archer ×19
Feudal
15:23
Castle
—
Imperial
—
| APM avg | 9.3 |
| APM peak | 19 |
| eAPM avg | 6.8 |
| Villagers / military | 38 / 10 |
Focus
⚔️ 14.4% · 🌾 85.6%
Scout Cavalry ×10
Feudal
15:11
Castle
—
Imperial
—
| APM avg | 15.8 |
| APM peak | 33 |
| eAPM avg | 8.1 |
| Villagers / military | 31 / 13 |
Focus
⚔️ 24.1% · 🌾 75.9%
Militia ×13
Feudal
14:19
Castle
—
Imperial
—
| APM avg | 24.0 |
| APM peak | 90 |
| eAPM avg | 12.6 |
| Villagers / military | 77 / 16 |
Focus
⚔️ 17.9% · 🌾 82.1%
Scout Cavalry ×16
Feudal
17:28
Castle
—
Imperial
—
| APM avg | 14.0 |
| APM peak | 26 |
| eAPM avg | 11.0 |
| Villagers / military | 52 / 22 |
Focus
⚔️ 19.9% · 🌾 80.1%
Militia ×22
Feudal
17:27
Castle
—
Imperial
—
| APM avg | 42.6 |
| APM peak | 89 |
| eAPM avg | 24.2 |
| Villagers / military | 45 / 9 |
Focus
⚔️ 53.0% · 🌾 47.0%
Archer ×6 · Skirmisher ×2 · Militia ×1
Feudal
14:02
Castle
26:32
Imperial
—
| APM avg | 13.8 |
| APM peak | 30 |
| eAPM avg | 8.7 |
| Villagers / military | 45 / 0 |
Focus
⚔️ 5.3% · 🌾 94.7%
Feudal
16:58
Castle
22:57
Imperial
—
| APM avg | 13.4 |
| APM peak | 47 |
| eAPM avg | 6.6 |
| Villagers / military | 37 / 3 |
Focus
⚔️ 9.4% · 🌾 90.6%
Unknown (1962) ×5 · Battering Ram ×3
Match map
Initial resources + every placement click. Lines = walls · curves = elevation contours. ◆ gold · ⬟ stone · ● berries · ✦ relic · ◌ wall gap
Your base· Open — unwalled flank
TheYolis's base· Open — 7t gap
chello3200's base· Open — unwalled flank
ExDictador Nicolas Maduro's base· Open — unwalled flank
ELCIGARRITOO's base· Open — 11t gap
Nippur Plisken's base· Open — 6t gap
TheKenny's base· Open — unwalled flank
LaPolitziaaa's base· Open — 5t gap
Smoothed initial terrain · ◌ = detected wall gap · hover for details
Inputs per minute
— Aphelink - - TheYolis
Build order — Aphelink
115 actions detected in the replay
| 0:30 | Build | Town Center |
| 2:29 | Build | House |
| 2:49 | Create | Villager (Male) |
| 2:49 | Create | Villager (Male) |
| 2:50 | Create | Villager (Male) |
| 3:16 | Create | Villager (Male) |
| 4:24 | Create | Villager (Male) |
| 5:06 | Create | Villager (Male) |
| 5:09 | Create | Villager (Male) |
| 5:10 | Create | Villager (Male) |
| 5:38 | Build | Lumber Camp |
| 6:01 | Build | House |
| 6:03 | Research | Loom |
| 6:26 | Create | Villager (Male) |
| 6:26 | Create | Villager (Male) |
| 7:12 | Create | Villager (Male) |
| 7:16 | Build | House |
| 7:32 | Create | Villager (Male) |
| 7:47 | Create | Villager (Male) |
| 8:24 | Create | Villager (Male) |
| 8:52 | Build | Mill |
| 9:03 | Create | Villager (Male) |
| 9:04 | Create | Villager (Male) |
| 9:38 | Create | Villager (Male) |
| 10:15 | Create | Villager (Male) |
| 10:20 | Build | House |
| 10:29 | Create | Villager (Male) |
| 10:58 | Create | Villager (Male) |
| 11:27 | Create | Villager (Male) |
| 11:59 | Create | Villager (Male) |
| 12:03 | Build | House |
| 12:22 | Create | Villager (Male) |
| 12:33 | Research | Feudal Age |
| 12:49 | Build | Mill |
| 14:54 | Create | Villager (Male) |
| 14:55 | Create | Villager (Male) |
| 14:58 | Build | House |
| 15:01 | Age | Feudal Age |
| 15:04 | Research | Double-Bit Axe |
| 15:16 | Build | Blacksmith |
| 15:20 | Build | Barracks |
| 15:37 | Create | Villager (Male) |
| 16:08 | Create | Villager (Male) |
| 16:13 | Build | Archery Range |
| 16:26 | Research | Fletching |
| 16:44 | Research | Castle Age |
| 16:52 | Create | Archer |
| 16:53 | Create | Archer |
| 16:53 | Create | Archer |
| 17:38 | Create | Archer |
| 17:46 | Build | House |
| 17:46 | Build | House |
| 17:49 | Build | House |
| 17:50 | Build | House |
| 17:55 | Build | House |
| 17:56 | Build | House |
| 18:07 | Create | Villager (Male) |
| 18:13 | Create | Archer |
| 18:18 | Research | Padded Archer Armor |
| 18:53 | Create | Archer |
| 19:05 | Create | Villager (Male) |
| 19:24 | Age | Castle Age |
| 19:35 | Research | Crossbowman (upgrade) |
| 19:35 | Research | Thumb Ring |
| 19:38 | Research | Bodkin Arrow |
| 19:41 | Create | Villager (Male) |
| 20:01 | Research | Bow Saw |
| 20:14 | Create | Villager (Male) |
| 20:15 | Create | Villager (Male) |
| 20:15 | Create | Villager (Male) |
| 20:53 | Create | Villager (Male) |
| 21:00 | Create | Archer |
| 21:00 | Create | Archer |
| 21:00 | Create | Archer |
| 21:37 | Create | Villager (Male) |
| 21:50 | Build | Town Center |
| 21:52 | Create | Villager (Male) |
| 21:52 | Create | Villager (Male) |
| 23:02 | Create | Archer ×5 |
| 23:04 | Create | Villager (Male) |
| 23:07 | Create | Villager (Male) |
| 23:08 | Create | Villager (Male) |
| 23:08 | Create | Villager (Male) |
| 23:08 | Create | Villager (Male) |
| 23:08 | Create | Villager (Male) |
| 23:09 | Create | Villager (Male) |
| 23:09 | Create | Villager (Male) |
| 23:44 | Research | Wheelbarrow |
| 23:46 | Create | Villager (Male) |
| 23:52 | Build | Town Center |
| 25:16 | Create | Villager (Male) |
| 25:16 | Create | Villager (Male) |
| 25:16 | Create | Villager (Male) |
| 25:16 | Create | Villager (Male) |
| 25:17 | Create | Villager (Male) |
| 25:20 | Build | Farm |
| 25:20 | Build | Farm |
| 25:20 | Build | Farm |
| 25:24 | Research | Horse Collar |
| 25:29 | Create | Archer |
| 25:29 | Create | Archer |
| 25:29 | Create | Archer |
| 25:30 | Create | Archer |
| 25:31 | Create | Archer |
| 26:36 | Research | Hand Cart |
| 26:38 | Create | Villager (Male) ×3 |
| 26:43 | Build | Farm |
| 26:44 | Build | Farm |
| 26:44 | Build | Farm |
| 26:44 | Build | Farm |
| 26:44 | Build | Farm |
| 26:45 | Build | Farm |
| 26:45 | Build | Farm |
| 26:45 | Build | Farm |
| 26:45 | Build | Farm |
Build order — TheYolis
91 actions detected in the replay
| 0:18 | Build | Town Center |
| 1:20 | Build | House |
| 1:23 | Build | House |
| 1:25 | Build | House |
| 1:27 | Build | House |
| 2:18 | Build | Mill |
| 2:56 | Create | Villager (Male) |
| 2:56 | Create | Villager (Male) |
| 2:56 | Create | Villager (Male) |
| 2:57 | Create | Villager (Male) |
| 2:57 | Create | Villager (Male) |
| 3:26 | Build | House |
| 3:29 | Build | House |
| 3:32 | Build | House |
| 3:42 | Research | Loom |
| 4:45 | Create | Villager (Male) |
| 4:45 | Create | Villager (Male) |
| 4:45 | Create | Villager (Male) |
| 5:42 | Create | Villager (Male) |
| 5:42 | Create | Villager (Male) |
| 6:37 | Create | Villager (Male) |
| 6:37 | Create | Villager (Male) |
| 7:07 | Create | Villager (Male) |
| 7:07 | Create | Villager (Male) |
| 7:07 | Create | Villager (Male) |
| 7:08 | Create | Villager (Male) |
| 7:09 | Create | Villager (Male) |
| 7:31 | Create | Villager (Male) |
| 8:19 | Build | Mill |
| 8:49 | Create | Villager (Male) |
| 8:50 | Create | Villager (Male) |
| 8:50 | Create | Villager (Male) |
| 8:50 | Create | Villager (Male) |
| 9:16 | Create | Villager (Male) |
| 9:45 | Create | Villager (Male) |
| 10:20 | Create | Villager (Male) |
| 10:21 | Create | Villager (Male) |
| 10:21 | Create | Villager (Male) |
| 10:21 | Create | Villager (Male) |
| 10:21 | Create | Villager (Male) |
| 10:39 | Build | Barracks |
| 11:43 | Build | Mining Camp |
| 11:58 | Build | Lumber Camp |
| 12:40 | Build | Mill |
| 13:13 | Research | Feudal Age |
| 13:33 | Build | House |
| 13:39 | Build | House |
| 13:42 | Build | House |
| 13:46 | Build | House |
| 14:30 | Create | Villager (Male) |
| 14:30 | Create | Villager (Male) |
| 14:31 | Create | Villager (Male) |
| 14:31 | Create | Villager (Male) |
| 15:15 | Build | Mining Camp |
| 15:23 | Age | Feudal Age |
| 15:51 | Build | Stable |
| 16:00 | Build | Farm |
| 16:17 | Build | Farm |
| 16:28 | Build | Farm |
| 16:32 | Build | Farm |
| 16:34 | Build | Farm |
| 16:38 | Build | Farm |
| 16:40 | Build | Farm |
| 16:42 | Build | Farm |
| 16:48 | Create | Scout Cavalry |
| 17:02 | Build | Market |
| 17:22 | Build | Farm |
| 17:32 | Create | Scout Cavalry |
| 17:33 | Create | Scout Cavalry |
| 18:19 | Build | Blacksmith |
| 18:58 | Create | Scout Cavalry |
| 18:58 | Create | Scout Cavalry |
| 18:59 | Create | Scout Cavalry |
| 18:59 | Create | Scout Cavalry |
| 19:00 | Create | Scout Cavalry |
| 20:55 | Build | Blacksmith |
| 21:15 | Create | Villager (Male) |
| 21:16 | Create | Villager (Male) |
| 21:16 | Create | Villager (Male) |
| 21:49 | Build | Farm |
| 22:15 | Build | Farm |
| 22:21 | Create | Villager (Male) |
| 22:21 | Create | Villager (Male) |
| 23:03 | Build | Farm |
| 23:05 | Build | Farm |
| 23:31 | Build | Farm |
| 23:39 | Research | Forging |
| 23:42 | Research | Scale Barding Armor |
| 24:14 | Research | Wheelbarrow |
| 24:22 | Create | Scout Cavalry |
| 24:22 | Create | Scout Cavalry |
Build order — chello3200
67 actions detected in the replay
| 0:37 | Build | Town Center |
| 2:57 | Create | Villager (Male) |
| 2:58 | Create | Villager (Male) |
| 2:58 | Create | Villager (Male) |
| 2:58 | Create | Villager (Male) |
| 3:08 | Build | House |
| 4:46 | Create | Villager (Male) |
| 5:17 | Create | Villager (Male) |
| 5:37 | Build | House |
| 5:56 | Create | Villager (Male) |
| 5:57 | Research | Loom |
| 6:34 | Create | Villager (Male) |
| 6:58 | Create | Villager (Male) |
| 6:59 | Create | Villager (Male) |
| 7:18 | Build | Mule Cart |
| 7:43 | Build | Mule Cart |
| 8:00 | Create | Villager (Male) |
| 8:01 | Create | Villager (Male) |
| 8:01 | Create | Villager (Male) |
| 8:01 | Create | Villager (Male) |
| 8:14 | Create | Villager (Male) |
| 9:15 | Build | House |
| 9:39 | Build | House |
| 10:48 | Build | Mule Cart |
| 10:53 | Create | Villager (Male) |
| 11:21 | Build | Barracks |
| 11:29 | Create | Villager (Male) |
| 11:36 | Create | Villager (Male) |
| 12:09 | Build | Mill |
| 12:49 | Create | Militia |
| 12:50 | Create | Militia |
| 12:50 | Create | Militia |
| 13:01 | Research | Feudal Age |
| 13:05 | Create | Militia |
| 13:29 | Build | House |
| 13:30 | Build | House |
| 14:00 | Create | Militia |
| 14:01 | Create | Militia |
| 14:43 | Create | Militia |
| 14:44 | Create | Militia |
| 15:11 | Age | Feudal Age |
| 15:23 | Research | Man-at-Arms (upgrade) |
| 15:44 | Build | Barracks |
| 15:48 | Create | Villager (Male) |
| 16:52 | Research | Long Swordsman (upgrade) |
| 16:57 | Create | Militia |
| 16:57 | Create | Militia |
| 16:58 | Create | Militia |
| 19:24 | Create | Militia |
| 19:24 | Create | Militia |
| 21:28 | Create | Villager (Male) |
| 21:28 | Create | Villager (Male) |
| 21:28 | Create | Villager (Male) |
| 21:29 | Create | Villager (Male) |
| 21:29 | Create | Villager (Male) |
| 22:34 | Build | Farm |
| 22:34 | Build | Farm |
| 23:20 | Create | Villager (Male) |
| 23:20 | Create | Villager (Male) |
| 23:20 | Create | Villager (Male) |
| 25:25 | Create | Villager (Male) |
| 25:25 | Create | Villager (Male) |
| 26:32 | Build | Farm |
| 26:37 | Create | Villager (Male) |
| 26:38 | Create | Villager (Male) |
| 26:45 | Build | Farm |
| 26:45 | Build | Farm |
Build order — ExDictador Nicolas Maduro
137 actions detected in the replay
| 1:15 | Build | Town Center |
| 3:03 | Build | House |
| 3:07 | Build | House |
| 3:32 | Create | Villager (Male) |
| 3:32 | Create | Villager (Male) |
| 3:32 | Create | Villager (Male) |
| 3:33 | Create | Villager (Male) |
| 3:42 | Research | Loom |
| 3:45 | Create | Villager (Male) |
| 5:04 | Create | Villager (Male) |
| 5:05 | Create | Villager (Male) |
| 6:07 | Create | Villager (Male) |
| 6:07 | Create | Villager (Male) |
| 6:07 | Create | Villager (Male) |
| 6:07 | Create | Villager (Male) |
| 7:26 | Create | Villager (Male) |
| 7:26 | Create | Villager (Male) |
| 7:26 | Create | Villager (Male) |
| 7:27 | Create | Villager (Male) |
| 7:35 | Create | Villager (Male) |
| 7:35 | Create | Villager (Male) |
| 7:51 | Build | House |
| 7:52 | Build | House |
| 8:10 | Build | Mill |
| 9:14 | Create | Villager (Male) |
| 9:14 | Create | Villager (Male) |
| 9:14 | Create | Villager (Male) |
| 9:15 | Create | Villager (Male) |
| 9:32 | Create | Villager (Male) |
| 9:33 | Create | Villager (Male) |
| 9:33 | Create | Villager (Male) |
| 10:56 | Create | Villager (Male) |
| 10:57 | Create | Villager (Male) |
| 11:14 | Build | Mining Camp |
| 11:30 | Create | Villager (Male) |
| 12:04 | Research | Feudal Age |
| 12:20 | Build | Barracks |
| 13:23 | Create | Villager (Male) |
| 13:24 | Create | Villager (Male) |
| 13:24 | Create | Villager (Male) |
| 13:24 | Create | Villager (Male) |
| 13:24 | Create | Villager (Male) |
| 13:24 | Create | Villager (Male) |
| 13:25 | Create | Villager (Male) |
| 13:35 | Build | House |
| 13:48 | Build | Mill |
| 14:16 | Build | House |
| 14:18 | Build | House |
| 14:19 | Age | Feudal Age |
| 14:23 | Create | Villager (Male) |
| 14:23 | Create | Villager (Male) |
| 14:23 | Create | Villager (Male) |
| 14:24 | Create | Villager (Male) |
| 14:24 | Create | Villager (Male) |
| 14:46 | Build | Stable |
| 15:16 | Build | Lumber Camp |
| 15:25 | Create | Villager (Male) |
| 15:25 | Create | Villager (Male) |
| 15:25 | Create | Villager (Male) |
| 15:52 | Research | Bloodlines |
| 15:53 | Create | Scout Cavalry ×2 |
| 15:53 | Create | Scout Cavalry ×2 |
| 15:55 | Create | Villager (Male) |
| 15:55 | Create | Villager (Male) |
| 15:55 | Create | Villager (Male) |
| 16:01 | Build | House |
| 16:03 | Build | House |
| 17:02 | Build | Blacksmith |
| 17:34 | Create | Villager (Male) |
| 17:35 | Create | Villager (Male) |
| 17:39 | Create | Scout Cavalry |
| 17:40 | Create | Scout Cavalry |
| 17:40 | Create | Scout Cavalry |
| 17:40 | Create | Scout Cavalry |
| 17:51 | Build | House |
| 17:53 | Build | House |
| 19:33 | Create | Villager (Male) |
| 19:33 | Create | Villager (Male) |
| 19:33 | Create | Villager (Male) |
| 19:33 | Create | Villager (Male) |
| 19:33 | Create | Villager (Male) |
| 19:33 | Create | Villager (Male) |
| 19:34 | Create | Villager (Male) |
| 20:10 | Create | Villager (Male) |
| 20:10 | Create | Villager (Male) |
| 20:19 | Create | Scout Cavalry |
| 20:37 | Build | Mill |
| 20:39 | Create | Villager (Male) |
| 20:39 | Create | Villager (Male) |
| 20:40 | Create | Villager (Male) |
| 21:26 | Create | Villager (Male) |
| 21:26 | Create | Villager (Male) |
| 21:26 | Create | Villager (Male) |
| 21:26 | Create | Villager (Male) |
| 21:37 | Build | House |
| 21:38 | Build | House |
| 21:42 | Create | Villager (Male) |
| 21:42 | Create | Villager (Male) |
| 22:03 | Build | Farm |
| 22:03 | Build | Farm |
| 22:03 | Build | Farm |
| 22:03 | Build | Farm |
| 22:04 | Build | Farm |
| 22:04 | Build | Farm |
| 22:05 | Build | Farm |
| 22:08 | Build | Farm |
| 22:08 | Build | Farm |
| 22:09 | Build | Farm |
| 22:09 | Build | Farm |
| 22:09 | Build | Farm |
| 22:12 | Create | Villager (Male) |
| 22:13 | Create | Villager (Male) |
| 22:41 | Create | Villager (Male) |
| 22:42 | Create | Villager (Male) |
| 22:57 | Create | Villager (Male) |
| 22:57 | Create | Villager (Male) |
| 23:27 | Create | Villager (Male) |
| 23:27 | Create | Villager (Male) |
| 23:38 | Create | Scout Cavalry |
| 23:38 | Create | Scout Cavalry |
| 23:38 | Create | Scout Cavalry |
| 23:39 | Create | Scout Cavalry |
| 23:39 | Create | Villager (Male) |
| 23:40 | Create | Villager (Male) |
| 23:57 | Build | House |
| 23:58 | Build | House |
| 24:20 | Build | Farm |
| 25:15 | Create | Villager (Male) |
| 25:15 | Create | Villager (Male) |
| 25:19 | Build | House |
| 25:20 | Build | House |
| 25:57 | Build | Mining Camp |
| 26:03 | Create | Scout Cavalry |
| 26:03 | Create | Scout Cavalry |
| 26:04 | Create | Scout Cavalry |
| 26:11 | Research | Castle Age |
| 26:11 | Research | Castle Age |
Build order — ELCIGARRITOO
135 actions detected in the replay
| 1:12 | Build | Town Center |
| 1:49 | Build | House |
| 1:52 | Build | House |
| 2:08 | Build | House |
| 2:12 | Build | House |
| 3:31 | Create | Villager (Male) |
| 3:31 | Create | Villager (Male) |
| 3:31 | Create | Villager (Male) |
| 3:31 | Create | Villager (Male) |
| 5:08 | Research | Loom |
| 5:15 | Build | Mill |
| 5:33 | Create | Villager (Male) |
| 5:34 | Create | Villager (Male) |
| 5:34 | Create | Villager (Male) |
| 6:35 | Create | Villager (Male) |
| 6:35 | Create | Villager (Male) |
| 6:55 | Create | Villager (Male) |
| 6:55 | Create | Villager (Male) |
| 6:55 | Create | Villager (Male) |
| 7:22 | Create | Villager (Male) |
| 7:22 | Create | Villager (Male) |
| 8:08 | Build | House |
| 8:39 | Build | Lumber Camp |
| 8:45 | Create | Villager (Male) |
| 8:45 | Create | Villager (Male) |
| 8:45 | Create | Villager (Male) |
| 8:45 | Create | Villager (Male) |
| 9:17 | Create | Villager (Male) |
| 9:17 | Create | Villager (Male) |
| 10:07 | Build | House |
| 11:08 | Build | Farm |
| 11:09 | Build | Farm |
| 11:09 | Build | Farm |
| 11:10 | Build | Farm |
| 11:30 | Create | Villager (Male) |
| 11:30 | Create | Villager (Male) |
| 11:31 | Create | Villager (Male) |
| 13:34 | Create | Villager (Male) |
| 13:35 | Create | Villager (Male) |
| 13:35 | Create | Villager (Male) |
| 13:52 | Build | Barracks |
| 14:06 | Build | Barracks |
| 14:17 | Build | Mining Camp |
| 14:40 | Build | House |
| 14:42 | Build | House |
| 14:47 | Build | Palisade Wall |
| 15:14 | Research | Feudal Age |
| 15:20 | Create | Villager (Male) |
| 15:20 | Create | Villager (Male) |
| 15:20 | Create | Villager (Male) |
| 15:20 | Create | Villager (Male) |
| 15:39 | Build | Farm |
| 15:40 | Build | Farm |
| 15:41 | Build | Farm |
| 15:42 | Build | Farm |
| 16:53 | Create | Villager (Male) |
| 16:54 | Create | Villager (Male) |
| 16:54 | Create | Villager (Male) |
| 16:54 | Create | Villager (Male) |
| 16:54 | Create | Villager (Male) |
| 16:55 | Create | Villager (Male) |
| 16:55 | Create | Villager (Male) |
| 17:06 | Create | Militia |
| 17:06 | Create | Militia |
| 17:06 | Create | Militia |
| 17:07 | Create | Militia |
| 17:07 | Create | Militia |
| 17:07 | Create | Militia |
| 17:28 | Age | Feudal Age |
| 17:57 | Build | Market |
| 18:27 | Build | House |
| 18:28 | Build | House |
| 18:34 | Build | Blacksmith |
| 18:45 | Research | Horse Collar |
| 18:48 | Research | Double-Bit Axe |
| 18:51 | Research | Man-at-Arms (upgrade) |
| 19:05 | Create | Militia |
| 19:05 | Create | Militia |
| 19:06 | Create | Militia |
| 19:06 | Create | Militia |
| 19:06 | Create | Militia |
| 19:43 | Research | Gold Mining |
| 19:48 | Create | Villager (Male) |
| 19:48 | Create | Villager (Male) |
| 19:48 | Create | Villager (Male) |
| 19:48 | Create | Villager (Male) |
| 19:49 | Create | Villager (Male) |
| 20:35 | Build | Mill |
| 20:39 | Build | Farm |
| 20:39 | Build | Farm |
| 20:40 | Build | Farm |
| 20:40 | Build | Farm |
| 20:45 | Create | Villager (Male) |
| 20:45 | Create | Villager (Male) |
| 20:45 | Create | Villager (Male) |
| 20:46 | Create | Villager (Male) |
| 21:48 | Research | Scale Mail Armor |
| 21:50 | Research | Forging |
| 22:16 | Build | House |
| 22:17 | Build | House |
| 22:19 | Build | House |
| 22:43 | Create | Villager (Male) |
| 22:44 | Create | Villager (Male) |
| 22:44 | Create | Villager (Male) |
| 22:44 | Create | Villager (Male) |
| 23:33 | Build | House |
| 23:35 | Build | House |
| 23:39 | Build | Farm |
| 23:39 | Build | Farm |
| 23:41 | Build | Farm |
| 23:42 | Build | Farm |
| 24:30 | Create | Militia |
| 24:30 | Create | Militia |
| 24:30 | Create | Militia |
| 24:31 | Create | Militia |
| 24:31 | Create | Militia |
| 24:31 | Create | Militia |
| 24:31 | Create | Militia |
| 24:32 | Create | Militia |
| 24:32 | Create | Militia |
| 24:32 | Create | Militia |
| 24:33 | Create | Militia |
| 24:43 | Build | Watch Tower |
| 24:46 | Build | Farm |
| 26:22 | Build | Farm |
| 26:29 | Build | Farm |
| 26:29 | Build | Farm |
| 26:30 | Build | Farm |
| 26:32 | Build | Farm |
| 26:32 | Build | Farm |
| 26:33 | Build | Farm |
| 26:33 | Build | Farm |
| 26:37 | Create | Villager (Male) |
| 26:38 | Create | Villager (Male) |
| 26:48 | Research | Castle Age |
Build order — Nippur Plisken
88 actions detected in the replay
| 0:03 | Build | House |
| 3:17 | Build | Town Center |
| 3:40 | Build | Town Center |
| 5:27 | Create | Villager (Male) |
| 5:27 | Create | Villager (Male) |
| 5:27 | Create | Villager (Male) |
| 5:27 | Create | Villager (Male) |
| 5:45 | Build | Barracks |
| 6:51 | Build | House |
| 7:10 | Create | Villager (Male) |
| 7:11 | Create | Villager (Male) |
| 7:20 | Build | House |
| 7:54 | Create | Villager (Male) |
| 8:20 | Create | Villager (Male) |
| 8:47 | Research | Loom |
| 8:52 | Create | Villager (Male) |
| 9:24 | Create | Villager (Male) |
| 9:53 | Create | Villager (Male) |
| 9:54 | Create | Villager (Male) |
| 9:54 | Create | Villager (Male) |
| 10:01 | Build | Mill |
| 10:40 | Create | Villager (Male) |
| 10:40 | Create | Villager (Male) |
| 11:32 | Create | Villager (Male) |
| 11:32 | Create | Villager (Male) |
| 11:43 | Create | Villager (Male) |
| 12:04 | Build | Lumber Camp |
| 12:10 | Create | Villager (Male) |
| 12:29 | Build | Mining Camp |
| 12:36 | Create | Villager (Male) |
| 13:05 | Build | House |
| 13:48 | Create | Villager (Male) |
| 14:02 | Create | Villager (Male) |
| 15:17 | Research | Feudal Age |
| 16:39 | Create | Militia |
| 17:27 | Age | Feudal Age |
| 17:52 | Create | Villager (Male) |
| 17:52 | Create | Villager (Male) |
| 17:53 | Create | Villager (Male) |
| 18:06 | Build | Watch Tower |
| 18:13 | Create | Villager (Male) |
| 18:13 | Create | Villager (Male) |
| 18:22 | Build | Archery Range |
| 18:30 | Create | Villager (Male) |
| 18:30 | Create | Villager (Male) |
| 18:40 | Build | House |
| 18:42 | Create | Villager (Male) |
| 18:42 | Create | Villager (Male) |
| 18:52 | Build | Archery Range |
| 19:17 | Build | Watch Tower |
| 19:20 | Create | Archer |
| 19:20 | Create | Archer |
| 19:20 | Create | Archer |
| 19:22 | Create | Villager (Male) |
| 19:22 | Create | Villager (Male) |
| 19:37 | Build | House |
| 19:44 | Create | Villager (Male) |
| 19:44 | Create | Villager (Male) |
| 20:09 | Build | House |
| 20:20 | Create | Villager (Male) |
| 20:28 | Create | Archer |
| 20:28 | Create | Archer |
| 20:29 | Create | Archer |
| 20:47 | Build | House |
| 21:10 | Build | Market |
| 21:13 | Create | Villager (Male) |
| 21:13 | Create | Villager (Male) |
| 21:17 | Create | Villager (Male) |
| 21:17 | Create | Villager (Male) |
| 21:44 | Create | Villager (Male) |
| 21:45 | Create | Villager (Male) |
| 21:55 | Build | House |
| 21:56 | Build | House |
| 23:08 | Create | Skirmisher |
| 23:08 | Create | Skirmisher |
| 23:19 | Build | Farm |
| 23:19 | Build | Farm |
| 23:20 | Build | Farm |
| 23:20 | Build | Farm |
| 23:20 | Build | Farm |
| 23:20 | Build | Farm |
| 23:21 | Build | Farm |
| 23:37 | Build | Watch Tower |
| 23:49 | Create | Villager (Male) |
| 24:39 | Build | Lumber Camp |
| 25:06 | Create | Villager (Male) |
| 26:05 | Build | Watch Tower |
| 26:35 | Create | Villager (Male) |
Build order — TheKenny
90 actions detected in the replay
| 0:12 | Build | Town Center |
| 0:21 | Build | House |
| 2:41 | Create | Villager (Male) |
| 2:42 | Create | Villager (Male) |
| 2:42 | Create | Villager (Male) |
| 2:42 | Create | Villager (Male) |
| 3:48 | Create | Villager (Male) |
| 4:12 | Build | House |
| 4:27 | Create | Villager (Male) |
| 4:40 | Build | House |
| 5:01 | Create | Villager (Male) |
| 5:29 | Create | Villager (Male) |
| 5:39 | Create | Villager (Male) |
| 6:00 | Create | Villager (Male) |
| 6:20 | Create | Villager (Male) |
| 6:35 | Build | Lumber Camp |
| 7:07 | Create | Villager (Male) |
| 7:29 | Create | Villager (Male) |
| 7:55 | Create | Villager (Male) |
| 7:55 | Create | Villager (Male) |
| 8:36 | Create | Villager (Male) |
| 8:48 | Build | House |
| 8:51 | Build | House |
| 8:54 | Create | Villager (Male) |
| 9:35 | Research | Loom |
| 9:51 | Build | Mill |
| 9:56 | Create | Villager (Male) |
| 11:14 | Create | Villager (Male) |
| 11:52 | Research | Feudal Age |
| 11:52 | Research | Feudal Age |
| 13:42 | Create | Villager (Male) |
| 13:43 | Create | Villager (Male) |
| 13:43 | Create | Villager (Male) |
| 13:43 | Create | Villager (Male) |
| 13:44 | Create | Villager (Male) |
| 14:02 | Age | Feudal Age |
| 14:17 | Research | Double-Bit Axe |
| 14:49 | Build | Mill |
| 15:52 | Create | Villager (Male) |
| 15:52 | Create | Villager (Male) |
| 16:16 | Create | Villager (Male) |
| 16:46 | Build | Mill |
| 16:51 | Create | Villager (Male) |
| 17:19 | Build | House |
| 17:32 | Create | Villager (Male) |
| 17:33 | Create | Villager (Male) |
| 18:03 | Build | Town Center |
| 18:17 | Build | Mill |
| 19:25 | Create | Villager (Male) |
| 19:25 | Create | Villager (Male) |
| 19:25 | Create | Villager (Male) |
| 19:26 | Create | Villager (Male) |
| 19:26 | Create | Villager (Male) |
| 19:26 | Create | Villager (Male) |
| 19:27 | Create | Villager (Male) |
| 19:31 | Build | House |
| 19:38 | Build | House |
| 19:38 | Build | House |
| 19:39 | Build | House |
| 20:53 | Build | Lumber Camp |
| 20:57 | Create | Villager (Male) |
| 21:08 | Create | Villager (Male) |
| 21:08 | Create | Villager (Male) |
| 21:14 | Build | Market |
| 21:25 | Build | Mill |
| 21:35 | Build | Mining Camp |
| 21:40 | Create | Villager (Male) |
| 22:11 | Build | Blacksmith |
| 22:30 | Research | Gold Mining |
| 23:03 | Build | Barracks |
| 23:37 | Build | House |
| 23:38 | Build | House |
| 23:42 | Create | Villager (Male) |
| 23:50 | Research | Castle Age |
| 24:08 | Build | Mining Camp |
| 24:23 | Build | House |
| 24:24 | Build | House |
| 24:24 | Build | House |
| 24:56 | Create | Villager (Male) |
| 24:56 | Create | Villager (Male) |
| 24:56 | Create | Villager (Male) |
| 25:17 | Research | Fletching |
| 25:37 | Research | Stone Mining |
| 25:57 | Build | House |
| 25:58 | Build | House |
| 25:59 | Build | House |
| 26:21 | Build | House |
| 26:22 | Build | House |
| 26:23 | Build | House |
| 26:32 | Age | Castle Age |
Build order — LaPolitziaaa
81 actions detected in the replay
| 0:49 | Build | Town Center |
| 3:32 | Create | Villager (Male) |
| 3:32 | Create | Villager (Male) |
| 3:33 | Create | Villager (Male) |
| 3:33 | Create | Villager (Male) |
| 3:33 | Create | Villager (Male) |
| 4:59 | Build | House |
| 5:00 | Build | House |
| 5:19 | Create | Villager (Male) |
| 6:05 | Create | Villager (Male) |
| 6:18 | Build | House |
| 6:31 | Create | Villager (Male) |
| 6:54 | Build | Lumber Camp |
| 6:55 | Create | Villager (Male) |
| 7:34 | Create | Villager (Male) |
| 7:55 | Create | Villager (Male) |
| 8:59 | Create | Villager (Male) |
| 8:59 | Create | Villager (Male) |
| 9:49 | Create | Villager (Male) |
| 9:49 | Create | Villager (Male) |
| 9:49 | Create | Villager (Male) |
| 10:37 | Create | Villager (Male) |
| 11:16 | Build | Barracks |
| 11:31 | Build | Mill |
| 11:39 | Create | Villager (Male) |
| 11:57 | Build | House |
| 12:05 | Create | Villager (Male) |
| 12:27 | Build | House |
| 12:39 | Create | Villager (Male) |
| 13:05 | Research | Loom |
| 13:53 | Create | Villager (Male) |
| 14:48 | Research | Feudal Age |
| 15:51 | Build | Farm |
| 15:57 | Build | Farm |
| 16:04 | Build | Farm |
| 16:08 | Build | Farm |
| 16:15 | Build | Farm |
| 16:22 | Build | Farm |
| 16:28 | Build | Farm |
| 16:54 | Create | Villager (Male) |
| 16:58 | Age | Feudal Age |
| 17:10 | Build | Farm |
| 17:14 | Build | Farm |
| 17:27 | Create | Villager (Male) |
| 17:38 | Build | Blacksmith |
| 18:01 | Create | Villager (Male) |
| 18:19 | Create | Villager (Male) |
| 18:30 | Build | Market |
| 18:47 | Create | Villager (Male) |
| 19:02 | Build | Farm |
| 19:05 | Build | Farm |
| 19:13 | Create | Villager (Male) |
| 19:47 | Build | Farm |
| 20:17 | Research | Castle Age |
| 20:48 | Research | Double-Bit Axe |
| 21:17 | Create | Villager (Male) |
| 22:24 | Create | Villager (Male) |
| 22:30 | Build | House |
| 22:57 | Age | Castle Age |
| 23:02 | Build | Siege Workshop |
| 23:04 | Build | Siege Workshop |
| 23:09 | Create | Villager (Male) |
| 23:52 | Create | Battering Ram |
| 23:53 | Create | Battering Ram |
| 23:55 | Create | Unit 1962 |
| 23:58 | Create | Villager (Male) |
| 24:13 | Build | House |
| 24:15 | Build | House |
| 24:16 | Build | House |
| 24:18 | Build | House |
| 24:24 | Create | Villager (Male) |
| 24:30 | Create | Unit 1962 |
| 24:30 | Create | Unit 1962 |
| 24:43 | Create | Villager (Male) |
| 24:50 | Create | Unit 1962 |
| 25:07 | Create | Villager (Male) |
| 25:15 | Create | Battering Ram |
| 25:29 | Create | Villager (Male) |
| 25:50 | Create | Unit 1962 |
| 26:17 | Create | Villager (Male) |
| 26:38 | Create | Villager (Male) |
Match timeline
| 5:45 | Nippur Plisken · first_building Barracks |
| 10:39 | TheYolis · first_building Barracks |
| 11:16 | LaPolitziaaa · first_building Barracks |
| 11:21 | chello3200 · first_building Barracks |
| 12:20 | ExDictador Nicolas Maduro · first_building Barracks |
| 13:52 | ELCIGARRITOO · first_building Barracks |
| 14:02 | TheKenny · age_up feudal |
| 14:19 | ExDictador Nicolas Maduro · age_up feudal |
| 14:46 | ExDictador Nicolas Maduro · first_building Stable |
| 14:47 | ELCIGARRITOO · wall_segment Palisade Wall x1 |
| 15:01 | Aphelink · age_up feudal |
| 15:11 | chello3200 · age_up feudal |
| 15:20 | Aphelink · first_building Barracks |
| 15:23 | TheYolis · age_up feudal |
| 15:51 | TheYolis · first_building Stable |
| 16:13 | Aphelink · first_building Archery Range |
| 16:58 | LaPolitziaaa · age_up feudal |
| 17:27 | Nippur Plisken · age_up feudal |
| 17:28 | ELCIGARRITOO · age_up feudal |
| 18:22 | Nippur Plisken · first_building Archery Range |
| 19:24 | Aphelink · age_up castle |
| 19:32 | LaPolitziaaa · first_market_sell 100 stone |
| 22:57 | LaPolitziaaa · age_up castle |
| 23:02 | LaPolitziaaa · first_building Siege Workshop |
| 23:03 | TheKenny · first_building Barracks |
| 23:48 | TheKenny · first_market_sell 100 wood |
| 24:13 | Nippur Plisken · first_market_buy 100 wood |
| 25:39 | TheYolis · first_market_sell 100 wood |
| 25:42 | TheYolis · first_market_buy 100 food |
| 26:17 | TheYolis · resign |
| 26:32 | TheKenny · age_up castle |
| 26:44 | ELCIGARRITOO · first_market_buy 100 food |
[ AI ANALYSIS · 1 CREDIT ]
What really happened in this match?
Wolo.gg analyzes every decision: build order, eco, micro, common mistakes by bracket. Personalized analysis on WhatsApp or Discord in 30 seconds.
Civ guide
Ethiopians
Perfil
Jugador #4272913